 Dungeon Crawl Stone Soup version 0.27-a0-1144-g0b7d3b79db (webtiles) character file.

Game seed: 8548489194889228898

155 bilbop the Magician (level 5, -1/39 HPs)
             Began as a Djinni Air Elementalist on May 10, 2021.
             Slain by a hound (2 damage)
             ... on level 4 of the Dungeon on May 11, 2021.
             The game lasted 00:13:48 (3630 turns).

bilbop the Magician (Djinni Air Elementalist)       Turns: 3630, Time: 00:13:48

Health: -1/39      AC:  3    Str:  7    XL:     5   Next: 37%
Gold:   155        EV: 12    Int: 16    God:
                   SH:  0    Dex: 15

rFire    + + .     SeeInvis .   b - +0 dagger
rCold    x . .     Faith    .   (no shield)
rNeg     . . .     Spirit   .   a - +0 robe
rPois    ∞         Reflect  .   i - +0 helmet
rElec    .         Harm     .   (no cloak)
rCorr    .         Rampage  .   (no gloves)
Will     .....                  (boots unavailable)
Stlth    ++........             (no amulet)
HPRegen  0.13/turn              (no ring)
MPRegen  0.00/turn              (no ring)

@: flying
A: sickness immunity, fire resistance 2, cold vulnerability 1, float, innate
caster, hp casting, extra vitality 1
a: no special abilities


You were on level 4 of the Dungeon.
You visited 1 branch of the dungeon, and saw 4 of its levels.

You collected 155 gold pieces.

Inventory:

Hand Weapons
 b - a +0 dagger (weapon)
Armour
 a - a +0 robe (worn)
 i - a +0 helmet (worn)
Wands
 j - a wand of flame (22)
Scrolls
 c - 2 scrolls of noise {unknown}
 d - a scroll of immolation {unknown}
 e - a scroll of teleportation {unknown}
 g - a scroll of identify {unknown}
Potions
 f - a potion of invisibility {unknown}
 h - a potion of haste {unknown}


   Skills:
 * Level 2.6 Fighting
 + Level 1.5 Long Blades
 - Level 2.1 Dodging
 + Level 2.5 Stealth
 * Level 3.5 Spellcasting


You couldn't memorise any spells.
You knew the following spells:

 Your Spells              Type           Power      Damage    Failure   Level
a - Shock                 Conj/Air       56%        1d6       4%          1
b - Static Discharge      Conj/Air       14%        N/A       6%          2
c - Swiftness             Air            14%        N/A       12%         3
d - Airstrike             Air            7%         N/A       38%         4
e - Lightning Bolt        Conj/Air       7%         1d19      75%         5
f - Pain                  Necr           56%        1d6       4%          1
g - Poisonous Vapours     Pois/Air       28%        N/A       6%          2
Your spell library was empty.

Dungeon Overview and Level Annotations

Branches:
Dungeon (4/15)
 Temple: D:4-7

Altars:
Kikubaaqudgha

Shops:
D:2 (*


Innate Abilities, Weirdness & Mutations

You are immune to sickness and miasma.
You are immune to poison.
Your flesh is very heat resistant. (rF++)
You are vulnerable to cold. (rC-)
You float through the air rather than walking.
You learn spells naturally, not from books.
Your magical power is your life essence.
You have superior vitality. (+4 HP)


Message History

The bat closely misses you.
Found a stone staircase leading down.
The gnoll looks more healthy.
The bat misses you. The bat closely misses you. The bat closely misses you.
The bat barely misses you.
The gnoll shaman looks more healthy.
The bat closely misses you.
There is a stone staircase leading down here.
The bat hits you but does no damage.
You fly downwards.
A hound comes into view.
There is a stone staircase leading up here.
You are too injured to fight recklessly!
The helpless hound fails to defend itself.
You puncture the hound!
The hound is heavily wounded.
The hound barely misses you. x2
You barely miss the hound.
The hound is heavily wounded.
The hound bites you but does no damage.
You hit the hound.
The hound is severely wounded.
The hound bites you.
* * * LOW HITPOINT WARNING * * *
You barely miss the hound.
The hound is severely wounded.
The hound bites you.
* * * LOW HITPOINT WARNING * * *
The hound barely misses you.
You hit the hound.
The hound is severely wounded.
The hound bites you.
* * * LOW HITPOINT WARNING * * *
You closely miss the hound.
The hound is severely wounded.
The hound bites you but does no damage. The hound barely misses you.
You hit the hound but do no damage.
The hound is severely wounded.
The hound bites you.
You die...

## ..
#######
#.
##h......
#.#@#
#.<# ##.#
#.# ..#
###


You could see a hound.

Vanquished Creatures
  A centaur skeleton (D:3)
  Robin (D:3)
  2 gnolls (D:3)
  3 adders
  3 dart slugs
  An orc (D:3)
  4 ball pythons
  4 bats
  4 endoplasms
  3 giant cockroaches
  8 goblins
  9 hobgoblins
  3 jackals (D:2)
  2 quokkas
  4 frilled lizards
  3 kobolds (D:1)
  3 rats
58 creatures vanquished.

Notes
Turn   | Place    | Note
-------+----------+-------------------------------------------
     0 | D:1      | bilbop the Djinni Air Elementalist began the quest for the
                  | Orb.
     0 | D:1      | Reached XP level 1. HP: 15/15 MP: 0/0
   270 | D:1      | Reached XP level 2. HP: 11/22 MP: 0/0
   651 | D:1      | Found a faded altar of an unknown god.
   872 | D:1      | Reached skill level 1 in Fighting
  1137 | D:1      | Reached skill level 3 in Spellcasting
  1374 | D:2      | Found Siykyere's Assorted Antiques.
  1472 | D:2      | Reached XP level 3. HP: 8/27 MP: 0/0
  1472 | D:2      | Learned a level 1 spell: Pain
  1936 | D:2      | Reached skill level 1 in Long Blades
  2240 | D:2      | Found Anoych's Antique Weapon Shoppe.
  2606 | D:3      | Reached XP level 4. HP: 6/33 MP: 0/0
  3057 | D:3      | Noticed Robin
  3065 | D:3      | Killed Robin
  3301 | D:3      | Reached XP level 5. HP: 33/39 MP: 0/0
  3301 | D:3      | Learned a level 2 spell: Poisonous Vapours
  3628 | D:4      | HP: 1/39 [hound (2)]
  3630 | D:4      | Slain by a hound

Illustrated notes

Levels and vault maps discovered:
D:1:      lightli_arrival_noodles, layout_basic, basic_ecumenical_altar
D:2:      layout_basic, serial_shops, nicolae_shop_statue_plus,
          nicolae_shop_statue_plus, dk_noncrumbling_3
D:3:      layout_basic, kiku_gazebo_pond_becter, nicolae_overflow_hidden_temple,
          uniq_robin
D:4:      due_chaos_kobolds, layout_loops_cross, jmf_multi_god_temple2,
          minmay_temple_entry_arrows, uniq_blork_the_orc, uniq_ijyb

Skill      XL: |  1  2  3 |
---------------+----------+-----
Fighting       | 1 2 |  2.6
Spellcasting   | 3 |  3.5
Stealth        | 2 |  2.5
Long Blades    | 1 |  1.5
Dodging        | |  2.1

Action                   |  1- 3 |  4- 6 || total
-------------------------+-------+-------++-------
Melee: Dagger            |    18 |    11 ||    29
 Cast: Shock             |    69 |    42 ||   111
       Static Discharge  |     1 |       ||     1
       Poisonous Vapours |       |     7 ||     7
 Stab: Sleeping          |     2 |     2 ||     4
Armor: Robe              |     7 |     6 ||    13
Dodge: Dodged            |    35 |    22 ||    57

Table legend: (Time is in decaauts)
 A = Elapsed time spent in this place.
 B = Non-inter-level travel time spent in this place.
 C = Inter-level travel time spent in this place.
 D = Time resting spent in this place.
 E = Time spent auto-exploring this place.
 F = Levels seen in this place.
 G = Mean time per level.
                   A        B        C        D        E       F      G
               +--------+--------+--------+--------+--------+-----+--------+
         Total |   3629 |   3595 |     34 |   1419 |   1897 |   4 |  907.2 |
       Dungeon |   3629 |   3595 |     34 |   1419 |   1897 |   4 |  907.2 |
               +--------+--------+--------+--------+--------+-----+--------+

Top non-repeatable levels by time:
     D:2: 1491 daAuts
     D:1: 1338 daAuts
     D:3: 792 daAuts
     D:4: 7 daAuts
